 Dungeon Crawl Stone Soup version 0.30-a0-758-gc2c871d025 (webtiles) character file.

Game seed: 12312087811090907716

411 BRD the Ducker (level 6, -2/48 HPs)
             Began as a Demonspawn Gladiator on Feb 10, 2023.
             Was a Follower of Okawaru.
             Killed from afar by a steam dragon (11 damage)
             ... with a ball of steam
             ... on level 5 of the Dungeon.
             The game lasted 00:07:11 (3736 turns).

BRD the Ducker (Demonspawn Gladiator)               Turns: 3736, Time: 00:07:12

Health: -2/48      AC: 10    Str: 14    XL:     6   Next: 58%
Magic:  6/6        EV: 18    Int: 10    God:    Okawaru [*.....]
Gold:   267        SH:  5    Dex: 14    Spells: 5/5 levels left

rFire   . . .      SeeInvis +    a - +0 war axe
rCold   . . .      Faith    .    (no shield)
rNeg    . . .      Spirit   .    b - +0 leather armour
rPois   .          Reflect  +    c - +0 helmet
rElec   .          Harm     .    D - +2 cloak
rCorr   .          Rampage  .    y - +0 pair of gloves
Will    .....                    (no boots)
Stlth   +                        B - amulet of reflection
HPRegen 0.28/turn                w - ring of Raunoh {Drain Fly EV+5 Int-2 SInv}
MPRegen 0.10/turn                (no ring)

@: flying
A: icy blue scales 1, weakness stinger 1
a: Renounce Religion, Heroism


You were on level 5 of the Dungeon.
You worshipped Okawaru.
Okawaru was aware of your devotion.
You visited 1 branch of the dungeon, and saw 5 of its levels.

You collected 267 gold pieces.

Inventory:

Hand Weapons
 a - a +0 war axe (weapon)
Missiles
 d - 2 throwing nets
 e - 5 javelins (quivered)
 s - 4 atropa-tipped darts
 v - 4 datura-tipped darts
Armour
 b - a +0 leather armour (worn)
 c - a +0 helmet (worn)
 y - a +0 pair of gloves (worn)
 D - a +2 cloak (worn)
Jewellery
 w - the ring of Raunoh (left hand) {Drain Fly EV+5 Int-2 SInv}
   (You found it on level 3 of the Dungeon)

   [ring of evasion]

   EV:        It affects your evasion (+5).
   Int:       It affects your intelligence (-2).
   SInv:      It lets you see invisible.
   Fly:       It grants you flight.
   Drain:     It drains your maximum health when unequipped.
 B - an amulet of reflection (around neck)
Scrolls
 f - 6 scrolls of identify {unknown}
 g - 2 scrolls of fear {unknown}
 j - 2 scrolls of magic mapping {unknown}
 n - a scroll of amnesia {unknown}
 o - 2 scrolls of vulnerability {unknown}
 r - a scroll of acquirement {unknown}
 t - a scroll of enchant armour {unknown}
 x - a scroll of torment {unknown}
 A - 2 scrolls of teleportation {unknown}
 C - a scroll of fog {unknown}
Potions
 h - 2 potions of curing {unknown}
 i - a potion of might {unknown}
 k - 2 potions of magic {unknown}
 l - a potion of attraction {unknown}
 m - 2 potions of degeneration {unknown}
 p - 2 potions of haste {unknown}
 q - a potion of lignification {unknown}
 u - a potion of resistance {unknown}
 z - a potion of heal wounds {unknown}


   Skills:
 + Level 4.0 Fighting
 + Level 4.3 Axes
 - Level 2.0 Throwing
 + Level 1.6 Armour
 + Level 4.3 Dodging


You had 5 spell levels left.
You didn't know any spells.
Your spell library contained the following spells:

 Spells                   Type           Power      Damage    Failure   Level
 Kiss of Death            Conj/Necr      0%         2d5       43%         1
 Magic Dart               Conj           0%         1d3       43%         1
 Blink                    Tloc           0%         N/A       56%         2
 Cigotuvi's Dreadful Rot  Necr/Pois/Air  0%         N/A       56%         2
 Lesser Beckoning         Tloc           0%         N/A       56%         2
 Momentum Strike          Conj/Tloc      0%         3d8       56%         2
 Confusing Touch          Hex            0%         N/A       80%         3
 Gell's Gravitas          Tloc           0%         N/A       80%         3
 Mephitic Cloud           Conj/Pois/Air  0%         N/A       80%         3
 Teleport Other           Tloc           0%         N/A       80%         3
 Dispel Undead            Necr           0%         3d6       99%         4
 Call Imp                 Summ           Unusable   N/A       N/A         2
 Death Channel            Necr           Unusable   N/A       N/A         6

Dungeon Overview and Level Annotations

Branches:
Dungeon (5/15)
 Temple: D:4-7

Altars:
Okawaru


Innate Abilities, Weirdness & Mutations

You are partially covered in icy blue scales. (AC +2)
You have a small tail.


Message History

You block the steam dragon's attack. The steam dragon completely misses you.
The steam dragon misses you. The steam dragon barely misses you.
You hit the steam dragon but do no damage.
The steam dragon is moderately wounded.
The steam dragon breathes steam at you. The ball of steam hits you!
You closely miss the steam dragon.
The steam dragon is moderately wounded.
You are engulfed in a cloud of scalding steam.
The steam dragon breathes steam at you. The ball of steam hits you.
The steam dragon misses you. The steam dragon claws you.
You hit the steam dragon.
The steam dragon is heavily wounded.
The steam dragon breathes steam at you. The ball of steam misses you.
You closely miss the steam dragon.
You tail-slap the steam dragon, but do no damage.
The steam dragon is heavily wounded.
You are engulfed in a cloud of scalding steam.
* * * LOW HITPOINT WARNING * * *
You block the steam dragon's attack. The steam dragon completely misses you.
The steam dragon bites you.
* * * LOW HITPOINT WARNING * * *
The steam dragon misses you.
Okay, then.
You block the steam dragon's attack. The steam dragon closely misses you.
You barely miss the steam dragon.
The steam dragon is heavily wounded.
You block the steam dragon's attack. x2
You slash the steam dragon!
The steam dragon is almost dead.
The steam dragon misses you. x2
You closely miss the steam dragon.
You tail-slap the steam dragon, but do no damage.
The steam dragon is almost dead.
You block the steam dragon's attack. x2
The steam dragon breathes steam at you. The ball of steam hits you!
You die...

#$#○##
###$#°## #
..#$#.# .#
####.#$#.+..
#..#.#$#.##
#@.#.####
#.D#.#.#####
#..#.......#
#...<#.###.#
##.#...#
#....#.#
....#####
..#...
####.##


You could see a steam dragon (catching breath).

Vanquished Creatures
  An ogre (D:4)
  A phantom (D:4)
  A hound (D:4)
  A gnoll bouda (D:4)
  An iguana (D:3)
  A gnoll (D:1)
  7 adders
  2 worms
  3 dart slugs
  6 orcs
  7 endoplasms
  3 giant cockroaches
  7 hobgoblins
  3 jackals (D:3)
  7 kobolds
  A quokka (D:2)
  4 ball pythons
  6 bats
  6 frilled lizards
  6 goblins
  8 rats
82 creatures vanquished.

Vanquished Creatures (others)
  6 plants (D:4)
6 creatures vanquished.

Grand Total: 88 creatures vanquished

Notes
Turn   | Place    | Note
-------+----------+-------------------------------------------
     0 | D:1      | BRD the Demonspawn Gladiator began the quest for the Orb.
     0 | D:1      | Reached XP level 1. HP: 16/16 MP: 1/1
   507 | D:1      | Gained mutation: You are partially covered in icy blue
                  | scales. (AC +2) [demonic ancestry]
   507 | D:1      | Reached XP level 2. HP: 20/22 MP: 2/2
   579 | D:1      | Noticed a floating eye
   585 | D:1      | Noticed a great orb of eyes
   587 | D:1      | Found a faded altar of an unknown god.
   588 | D:1      | Noticed a shining eye
   588 | D:1      | Noticed a floating eye
  1047 | D:1      | Reached XP level 3. HP: 20/28 MP: 3/3
  2025 | D:3      | Gained mutation: You have a small tail. [demonic ancestry]
  2025 | D:3      | Reached XP level 4. HP: 34/34 MP: 4/4
  2357 | D:3      | Found an iron altar of Okawaru.
  2377 | D:3      | Became a worshipper of Warmaster Okawaru
  2453 | D:3      | Identified the ring of Raunoh {Drain Fly EV+5 Int-2 SInv}
  2887 | D:4      | Reached XP level 5. HP: 41/41 MP: 5/5
  3279 | D:4      | Noticed a phantom
  3288 | D:4      | Killed a phantom
  3289 | D:4      | Reached skill level 1 in Armour
  3289 | D:4      | Reached XP level 6. HP: 48/48 MP: 6/6
  3337 | D:4      | Reached * piety under Okawaru
  3714 | D:5      | Entered Level 5 of the Dungeon
  3718 | D:5      | Noticed a steam dragon
  3736 | D:5      | Killed from afar by a steam dragon

Illustrated notes

Levels and vault maps discovered:
D:1:      amcnicky_arrival_choice, layout_basic,
          hellmonk_ecumenical_altar_watching_god, minmay_split_cup_large
D:2:      layout_basic, kennysheep_cluttered_room, minmay_misc_feat_cross
D:3:      layout_basic, mainiacjoe_overflow_brackets
D:4:      minmay_inner_zag, layout_loops_ring, serial_bayou_pond_b,
          amethyst_killhole, chequers_garden
D:5:      lemuel_ice_spiral_2, layout_basic, fedhas_bush_and_centaur_altar

Skill      XL: |  1  2  3  4  5  6 |
---------------+-------------------+-----
Throwing       | 2 |  2.0
Axes           | 3 4 |  4.3
Dodging        | 3 4 |  4.3
Fighting       | 3 4 |  4.0
Armour         | 1 |  1.6

Action                     |  1- 3 |  4- 6 || total
---------------------------+-------+-------++-------
  Melee: War axe           |   103 |   140 ||   243
         Punch             |     2 |       ||     2
         Tailslap          |       |    24 ||    24
  Throw: Javelin           |     4 |       ||     4
         Throwing net      |     1 |       ||     1
   Stab: Sleeping          |     2 |     1 ||     3
 Armour: Leather armour    |    35 |    38 ||    73
  Dodge: Dodged            |    80 |   119 ||   199
  Block: Other             |       |    21 ||    21

Table legend: (Time is in decaauts)
 A = Elapsed time spent in this place.
 B = Non-inter-level travel time spent in this place.
 C = Inter-level travel time spent in this place.
 D = Time resting spent in this place.
 E = Time spent auto-exploring this place.
 F = Levels seen in this place.
 G = Mean time per level.
                   A        B        C        D        E       F      G
               +--------+--------+--------+--------+--------+-----+--------+
         Total |   3815 |   3527 |    288 |      0 |   2792 |   5 |  763.0 |
       Dungeon |   3815 |   3527 |    288 |      0 |   2792 |   5 |  763.0 |
               +--------+--------+--------+--------+--------+-----+--------+

Top non-repeatable levels by time:
     D:1: 1321 daAuts
     D:4: 962 daAuts
     D:3: 800 daAuts
     D:2: 706 daAuts
     D:5: 25 daAuts
